 Dungeon Crawl Stone Soup version 0.29.1-2-gbd0b4ee654 (webtiles) character file.

Game seed: 11912844196296145354

77 Firos the Twirler (level 4, -1/38 HPs)
             Began as a Minotaur Gladiator on Nov 10, 2022.
             Killed from afar by Ijyb (18 damage)
             ... with a bolt of light
             ... on level 2 of the Dungeon.
             The game lasted 00:03:13 (1228 turns).

Firos the Twirler (Minotaur Gladiator)              Turns: 1228, Time: 00:03:16

Health: -1/38      AC:  9    Str: 19    XL:     4   Next: 13%
Magic:  3/3        EV:  8    Int:  5    God:
Gold:   65         SH:  0    Dex: 13    Spells: 3/3 levels left

rFire   . . .      SeeInvis .   a - +1 quarterstaff
rCold   . . .      Faith    .   (shield currently unavailable)
rNeg    . . .      Spirit   .   o - +0 chain mail
rPois   .          Reflect  .   c - +1 hat
rElec   .          Harm     .   (no cloak)
rCorr   .          Rampage  .   (no gloves)
Will    .....                   (no boots)
Stlth   ..........              (no amulet)
HPRegen 0.12/turn               (no ring)
MPRegen 0.08/turn               (no ring)

@: confused
A: horns 2, retaliatory headbutt
a: no special abilities


You were on level 2 of the Dungeon.
You visited 1 branch of the dungeon, and saw 2 of its levels.

You collected 65 gold pieces.

Inventory:

Hand Weapons
 a - a +1 quarterstaff (weapon)
Missiles
 d - 3 throwing nets (quivered)
 e - a javelin
Armour
 c - a +1 hat (worn)
 o - a +0 chain mail (worn)
Jewellery
 j - a ring of positive energy
Scrolls
 m - a scroll of fear
Potions
 g - a potion of cancellation
 k - 2 potions of mutation
 n - 2 potions of might {unknown}


   Skills:
 + Level 3.2 Fighting
 * Level 4.7 Staves
 - Level 2.0 Throwing
 + Level 1.7 Armour
 + Level 3.8 Dodging


You had 3 spell levels left.
You didn't know any spells.
Your spell library contained the following spells:

 Spells                   Type           Power      Damage    Failure   Level
 Call Canine Familiar     Summ           0%         N/A       100%        3
 Confusing Touch          Hex            0%         N/A       100%        3
 Portal Projectile        Hex/Tloc       0%         N/A       100%        3
 Leda's Liquefaction      Hex/Erth       0%         N/A       100%        4
 Yara's Violent Unravell  Hex/Tmut       0%         3d3       100%        5
 Enfeeble                 Hex            0%         N/A       100%        7


Dungeon Overview and Level Annotations

Branches:
Dungeon (2/15)

Altars:

Annotations:
D:2 Ijyb, Sigmund


Innate Abilities, Weirdness & Mutations

You have a pair of horns on your head.
You reflexively headbutt those who attack you in melee.


Message History

You are too confused!
You hit Ijyb.
Ijyb is severely wounded.
The goblin hits you with a +0 dagger. The goblin hits you with a +0 club.
Ijyb hits you but does no damage.
Unknown command.
The goblin attacks as you move away! The goblin hits you but does no damage.
You feel less confused. Ijyb hits you with a +0 dagger.
Unknown command.
You completely miss Ijyb.
Ijyb is severely wounded.
The goblin hits you but does no damage. Ijyb closely misses you.
Unknown command.
You hit Ijyb but do no damage.
Ijyb is severely wounded.
The goblin hits you but does no damage. Ijyb hits you but does no damage.
The goblin hits you but does no damage.
You closely miss Ijyb.
Ijyb is severely wounded.
The goblin barely misses you. Ijyb hits you with a +0 dagger.
The goblin hits you but does no damage. x2
You barely miss Ijyb. Your headbutt misses Ijyb.
Ijyb is severely wounded.
The goblin hits you with a +0 club. The goblin hits you but does no damage.
The goblin hits you with a +0 dagger. The goblin hits you but does no damage.
Ijyb closely misses you.
You barely miss Ijyb. You headbutt Ijyb.
Ijyb is severely wounded.
The goblin barely misses you. The goblin hits you with a +0 dagger.
Ijyb hits you but does no damage. The goblin hits you with a +0 dagger.
The goblin hits you but does no damage.
You hit Ijyb.
Ijyb is almost dead.
The goblin hits you but does no damage. x3; The goblin barely misses you.
You furiously retaliate!
You headbutt the goblin.
You kill the goblin!
Ijyb zaps a wand.
The bolt of light hits you!!
You are confused.
You die...

#.....########....
#.....†...........
.
#.....########....
.. ##......# ##...
...##......)###
##..
...............#
###
##..#8..!..8##..
##.#.)g....# . #
#8@g...8#
#.gg....#
#8.....8#
#.......#
#8.....8#
#....$..# .#
######### ###.###
. . #. ..#......
..###.###.... ..


You could see Ijyb and 3 goblins.

Vanquished Creatures
  3 adders (D:2)
  A worm (D:2)
  2 dart slugs (D:1)
  2 ball pythons (D:1)
  3 bats (D:1)
  3 endoplasms (D:1)
  2 giant cockroaches (D:1)
  5 goblins
  8 hobgoblins
  2 quokkas
  3 frilled lizards
  3 kobolds
  6 rats
43 creatures vanquished.

Notes
Turn   | Place    | Note
-------+----------+-------------------------------------------
     0 | D:1      | Firos the Minotaur Gladiator began the quest for the Orb.
     0 | D:1      | Reached XP level 1. HP: 18/18 MP: 0/0
    30 | D:1      | Reached XP level 2. HP: 12/25 MP: 1/1
   208 | D:1      | Reached skill level 4 in Staves
   256 | D:1      | Found a faded altar of an unknown god.
   275 | D:1      | Reached skill level 1 in Armour
   503 | D:1      | Reached XP level 3. HP: 30/30 MP: 2/2
   840 | D:2      | Noticed Sigmund
  1178 | D:2      | Reached XP level 4. HP: 37/38 MP: 3/3
  1211 | D:2      | Noticed Ijyb
  1228 | D:2      | Killed from afar by Ijyb

Illustrated notes

Levels and vault maps discovered:
D:1:      heliophobic_arrival_ceremonial_halls, layout_basic,
          ebering_ecumenical_altar_rust, minmay_ruptured
D:2:      kennysheep_the_goblin_king, layout_rooms, minmay_rat_gold_closets,
          uniq_sigmund

Skill      XL: |  1  2  3 |
---------------+----------+-----
Staves         | 4 |  4.7
Armour         | 1 |  1.7
Fighting       | 3 |  3.2
Throwing       | |  2.0
Dodging        | |  3.8

Action                   |  1- 3 |  4- 6 || total
-------------------------+-------+-------++-------
Melee: Quarterstaff      |    66 |    14 ||    80
       Headbutt          |     6 |     1 ||     7
  Use: Scroll            |     2 |     4 ||     6
 Stab: Sleeping          |     1 |       ||     1
Armor: Leather armour    |    10 |       ||    10
       Chain mail        |       |    19 ||    19
Dodge: Dodged            |    45 |    10 ||    55
